 Dungeon Crawl Stone Soup version 0.18.1-48-g4cf74bf (webtiles) character file.

1064 luca467 the Slasher (level 8, -5/64 HPs)
             Began as a Demonspawn Gladiator on Sept 13, 2016.
             Slain by a sky beast (6 damage)
             ... on level 5 of the Dungeon.
             The game lasted 00:20:11 (4040 turns).

luca467 the Slasher (Demonspawn Gladiator)          Turns: 4040, Time: 00:20:12

Health: -5/64      AC: 13    Str: 16    XL:     8   Next: 6%
Magic:  8/8        EV: 13    Int:  9    God:
Gold:   210        SH:  0    Dex: 15    Spells: 0 memorised, 7 levels left

rFire  + . .     SeeInvis .     a - +0 long sword
rCold  . . .     Gourm    .     x - +1 leather armour {rF+}
rNeg   . . .     Faith    .     (no shield)
rPois  .         Spirit   .     (helmet restricted)
rElec  .         Dismiss  .     j - +2 cloak
rCorr  .         Reflect  .     r - +1 pair of gloves
SustAt .         Harm     .     (no boots)
MR     .....                    (no amulet)
Stlth  ++........               (no ring)
                                (no ring)

@: not resistant to hostile enchantments, unstealthy
A: horns 2, rough black scales 1, powered by death 1
a: no special abilities


You were on level 5 of the Dungeon.
You were hungry.

You visited 1 branch of the dungeon, and saw 5 of its levels.

You collected 234 gold pieces.
You spent 24 gold pieces at shops.

Inventory:

Hand Weapons
 a - a +0 long sword (weapon)
 v - a +0 dagger of venom
 w - a +1 short sword of draining
 y - a +2 dagger of freezing
Missiles
 d - 3 throwing nets (quivered)
Armour
 b - a +1 leather armour
 j - a +2 cloak (worn)
 r - a +1 pair of gloves (worn)
 x - a +1 leather armour of fire resistance (worn)
Jewellery
 z - an uncursed ring of ice {unknown}
Wands
 s - a wand of flame (22/48)
Scrolls
 c - 2 scrolls of enchant armour
 e - a scroll of amnesia {unknown}
 l - a scroll of fog
 m - 3 scrolls of remove curse
 u - a scroll of identify
Potions
 g - a potion of heal wounds
 h - a potion of berserk rage {unknown}
 k - 2 potions of agility {unknown}
 n - a potion of degeneration {unknown}
 p - a potion of might {unknown}
 q - a potion of lignification {unknown}
 t - 2 potions of ambrosia {unknown}
Comestibles
 f - 3 bread rations
 i - 3 meat rations
 o - 5 fruits
 A - a slice of pizza


   Skills:
 * Level 6.1 Fighting
 * Level 6.2 Long Blades
 - Level 1.7 Throwing
 + Level 3.7 Dodging
 + Level 2.4 Stealth


You had 7 spell levels left.
You didn't know any spells.

Dungeon Overview and Level Annotations

Branches:
Dungeon (5/15)
 Temple: D:4-7

Altars:
Zin

Shops:
D:4 *


Innate Abilities, Weirdness & Mutations

You have a pair of horns on your head.
You are partially covered in rough black scales (AC +4, Dex -1).
You regenerate a little health from kills.


Message History

Something hits you but does no damage.
The giant cockroach bites you but does no damage.
Something hits you.
* * * LOW HITPOINT WARNING * * *
Something shocks you.
* * * LOW HITPOINT WARNING * * *
The giant cockroach waves its antennae.
The giant cockroach bites you but does no damage.
Something hits you but does no damage. The giant cockroach misses you.
Something hits you but does no damage. The giant cockroach bites you.
* * * LOW HITPOINT WARNING * * *
Something hits you but does no damage.
The giant cockroach bites you but does no damage.
The giant cockroach barely misses you. Something hits you but does no damage.
The giant cockroach bites you but does no damage.
Something hits you but does no damage. The giant cockroach barely misses you.
Something hits you.
* * * LOW HITPOINT WARNING * * *
Something shocks you.
You die...

#.....# #.....# #####
#..!..# #...# #.....#
#...# #..?..## #...#
##########......# #...#
............#...####...#
.......s....#...##....<.
......{@....#...##......
............#...##......
............+...'......#
............#...##.#...#
........##+#####...#...#
#####.### #.###.... ..
#.# ..... ##. #.# ##.#.
.# .#.


You could see a giant cockroach.

Vanquished Creatures
  Grinder (D:3)
  A black bear (D:5)
  A centaur (D:3)
  Blork the orc (D:4)
  A gnoll sergeant (D:4)
  The ghost of luca467 the Slasher, a weakling DsGl (D:3)
  A hound (D:4)
  3 orc wizards
  Ijyb (D:3)
  An orc priest (D:4)
  An iguana (D:4)
  Natasha (thrice) (D:3)
  A worker ant (D:4)
  3 gnolls (D:4)
  7 adders
  A howler monkey skeleton (D:4)
  A shadow imp (D:4)
  An ooze (D:3)
  3 worms
  4 dart slugs
  3 giant geckos
  15 orcs
  8 bats
  6 giant cockroaches
  6 goblins
  12 hobgoblins
  11 jackals
  6 kobolds
  2 quokkas
  A ball python (D:1)
  2 giant newts (D:1)
  9 rats
118 creatures vanquished.

Notes
Turn   | Place    | Note
--------------------------------------------------------------
     0 | D:1      | luca467 the Demonspawn Gladiator began the quest for the Orb.
     0 | D:1      | Reached XP level 1. HP: 16/16 MP: 1/1
   235 | D:1      | Gained mutation: You regenerate a little health from kills. [demonic ancestry]
   235 | D:1      | Reached XP level 2. HP: 7/23 MP: 2/2
   450 | D:1      | Reached XP level 3. HP: 23/28 MP: 3/3
  1176 | D:2      | Gained mutation: You have a pair of small horns on your head. [demonic ancestry]
  1176 | D:2      | Reached XP level 4. HP: 28/35 MP: 4/4
  1395 | D:2      | Found a glowing silver altar of Zin.
  1789 | D:3      | Noticed luca467's ghost (weakling DsGl)
  1928 | D:3      | Noticed Ijyb
  1937 | D:3      | Killed Ijyb
  1937 | D:3      | Reached XP level 5. HP: 21/42 MP: 5/5
  2109 | D:3      | Noticed a centaur
  2249 | D:3      | Killed a centaur
  2283 | D:3      | Noticed Natasha
  2294 | D:3      | Killed Natasha
  2294 | D:3      | Gained mutation: You have a pair of horns on your head. [demonic ancestry]
  2294 | D:3      | Reached XP level 6. HP: 38/49 MP: 6/6
  2323 | D:3      | Noticed Natasha
  2329 | D:3      | Killed Natasha
  2384 | D:3      | Noticed Grinder
  2508 | D:3      | Reached skill level 5 in Long Blades
  2524 | D:3      | Noticed Natasha
  2540 | D:3      | Killed Natasha
  2608 | D:3      | Killed luca467's ghost
  2616 | D:3      | Reached skill level 5 in Fighting
  2725 | D:3      | Killed Grinder
  2725 | D:3      | Reached skill level 1 in Stealth
  2725 | D:3      | Reached XP level 7. HP: 37/56 MP: 7/7
  3035 | D:4      | Noticed Blork the orc
  3134 | D:4      | Killed Blork the orc
  3526 | D:4      | Found Ujafax's General Store.
  3534 | D:4      | Bought a scroll of identify for 24 gold pieces
  3922 | D:5      | Entered Level 5 of the Dungeon
  3933 | D:5      | Gained mutation: You are partially covered in rough black scales (AC +4, Dex -1). [demonic ancestry]
  3933 | D:5      | Reached XP level 8. HP: 58/64 MP: 8/8
  4034 | D:5      | HP: 3/64 [something (5)]
  4040 | D:5      | HP: 1/64 [something (3)]
  4040 | D:5      | Slain by a sky beast

Skill      XL: |  1  2  3  4  5  6  7 |
---------------+----------------------+-----
Long Blades    | 3 4 5 6 |  6.2
Fighting       | 3 4 5 6 |  6.1
Dodging        | 3 |  3.7
Stealth        | 1 2 |  2.4
Throwing       | |  1.7

Action                   |  1- 3 |  4- 6 |  7- 9 || total
-------------------------+-------+-------+-------++-------
Melee: Long sword        |   122 |   206 |    91 ||   419
       Headbutt          |       |    43 |    17 ||    60
  Use: Scroll            |       |     8 |     2 ||    10
       Potion            |       |     1 |       ||     1
 Stab: Sleeping          |     1 |       |     3 ||     4
  Eat: Chunk             |       |     6 |     4 ||    10
Armor: Leather armour    |    39 |    73 |    76 ||   188
Dodge: Dodged            |   100 |   163 |   138 ||   401
